 Dungeon Crawl Stone Soup version 0.31-a0-833-gc15d34cb79 (webtiles) character file.

Game seed: 13776656932296873563

9 Kurtz the Shield-Bearer (level 2, 0/21 HPs)
             Began as an Octopode Fighter on Sept 25, 2023.
             Slain by a quokka (4 damage)
             ... on level 1 of the Dungeon.
             The game lasted 00:00:09 (80 turns).

Kurtz the Shield-Bearer (Octopode Fighter)            Turns: 80, Time: 00:00:10

Health: 0/21       AC:  1    Str: 15    XL:     2   Next: 16%
Magic:  2/2        EV: 13    Int: 10    God:
Gold:   0          SH:  4    Dex: 11    Spells: 1/1 levels left

rFire   . . .        a - +0 war axe
rCold   . . .        b - +0 buckler
rNeg    . . .        (helmet restricted)
rPois   .            (no amulet)
rElec   .            (no ring)
rCorr   .            (no ring)
SInv    .            (no ring)
Will    .....        (no ring)
Stlth   ++           (no ring)
HPRegen 0.23/turn    (no ring)
MPRegen 0.08/turn    (no ring)
                     (no ring)

%: no passive effects
@: no status effects
A: almost no armour, amphibious, 8 rings, camouflage 1, gelatinous body 1,
(nimble swimmer 1), tentacles
a: no special abilities


You were on level 1 of the Dungeon.
You visited 1 branch of the dungeon, and saw 1 of its levels.

Inventory:

Hand Weapons
 a - a +0 war axe (weapon)
Armour
 b - a +0 buckler (worn)
Potions
 c - a potion of might


   Skills:
 - Level 3.0 Fighting
 * Level 2.8 Axes
 - Level 3.0 Dodging
 - Level 3.0 Shields


You had one spell level left.
You didn't know any spells.
Your spell library was empty.

Dungeon Overview and Level Annotations

Branches:
Dungeon (1/15)

Altars:


Innate Abilities, Weirdness & Mutations

You cannot wear most types of armour.
You are amphibious.
You can wear up to eight rings at the same time.
Your skin changes colour to match your surroundings (Stealth+).
Your rubbery body absorbs attacks. (AC +1, EV +1)
((You are camouflaged when in or above water. (Stealth+)))
You have tentacles for arms and can constrict up to eight enemies at once.


Message History

There are monsters nearby!
You are too injured to fight recklessly!
Unknown command.
You hit the goblin.
You kill the goblin!
You have reached level 2!
A hobgoblin comes into view.
The hobgoblin shouts!
The hobgoblin hits you.
You hit the hobgoblin but do no damage. Your grab misses the hobgoblin.
You tentacle-slap the hobgoblin.
The hobgoblin is heavily wounded.
You miss the quokka. The quokka barely misses you. The hobgoblin misses you.
The quokka closely misses you.
You closely miss the hobgoblin. Your grab misses the hobgoblin.
You squeeze the hobgoblin.
The hobgoblin is heavily wounded.
You hit the quokka. The quokka bites you. The hobgoblin closely misses you.
The quokka misses you. The hobgoblin closely misses you.
Unknown command.
You completely miss the quokka. Your grab misses the quokka.
The quokka is lightly wounded.
You hit the hobgoblin.
You kill the hobgoblin!
The quokka misses you.
You barely miss the quokka. Your grab misses the quokka.
The quokka is lightly wounded.
The quokka misses you. The quokka bites you.
* * * LOW HITPOINT WARNING * * *
You block the hobgoblin's attack.
Unknown command.
Unknown command.
You slash the hobgoblin!
You kill the hobgoblin!
You hit the quokka. The quokka misses you. The quokka closely misses you.
Unknown command.
You closely miss the quokka. Your grab misses the quokka.
The quokka is heavily wounded.
The quokka misses you. The quokka bites you.
You die...

#..... #....#
#....## #.....##
#......##
#.......#
#.:.r(..#
#..@...# ###
#.)...###..##
#....###....##
####.##......#
#####.......... .
#..........###..#
#..............#
#.$......!.#####
#..........#


You could see a quokka.

Vanquished Creatures
  An endoplasm (D:1)
  3 goblins (D:1)
  3 hobgoblins (D:1)
  A rat (D:1)
8 creatures vanquished.

Notes
Turn   | Place    | Note
-------+----------+-------------------------------------------
     0 | D:1      | Kurtz the Octopode Fighter began the quest for the Orb.
     0 | D:1      | Reached XP level 1. HP: 16/16 MP: 1/1
    73 | D:1      | Reached XP level 2. HP: 11/21 MP: 2/2
    80 | D:1      | Slain by a quokka

Illustrated notes

Levels and vault maps discovered:
D:1:      dpeg_arrival_shrine, layout_basic,
          hellmonk_ecumenical_altar_crossroads, minivault_19

Action                     || total
---------------------------++-------
  Melee: War axe           ||    14
         Constrict         ||     3
         Tentacles         ||     2
         Punch             ||     1
 Armour: Skin              ||     8
  Dodge: Dodged            ||    13
  Block: Buckler           ||     1

Table legend: (Time is in decaauts)
 A = Elapsed time spent in this place.
 B = Non-inter-level travel time spent in this place.
 C = Inter-level travel time spent in this place.
 D = Time resting spent in this place.
 E = Time spent auto-exploring this place.
 F = Levels seen in this place.
 G = Mean time per level.
                   A        B        C        D        E       F      G
               +--------+--------+--------+--------+--------+-----+--------+
         Total |     85 |     85 |      0 |      0 |     46 |   1 |   85.0 |
       Dungeon |     85 |     85 |      0 |      0 |     46 |   1 |   85.0 |
               +--------+--------+--------+--------+--------+-----+--------+

Top non-repeatable levels by time:
     D:1: 85 daAuts
